 Dungeon Crawl Stone Soup version 0.30-a0-719-gcc4359ea44 (webtiles) character file.

Game seed: 10192630127153720244

85175 mandarbmax the Peltast (level 16, -4/132 HPs)
             Began as a Formicid Fighter on Jan 27, 2023.
             Was the Champion of Qazlal.
             Killed by the raging water
             ... invoked by a water nymph
              (29 damage)
             ... on level 12 of the Dungeon.
             The game lasted 00:36:20 (18550 turns).

mandarbmax the Peltast (Formicid Fighter)          Turns: 18550, Time: 00:36:20

Health: -4/132     AC: 24    Str: 26    XL:     16   Next: 30%
Magic:  26/26      EV: 13    Int: 11    God:    Qazlal [******]
Gold:   1901       SH: 26    Dex: 13    Spells: 15/15 levels left

rFire   + . .      SeeInvis +    t - +8 quarterstaff (chaos)
rCold   + . .      Faith    +    d - +0 tower shield
rNeg    . . .      Spirit   .    P - +4 chain mail
rPois   .          Reflect  .    (helmet unavailable)
rElec   .          Harm     .    s - +2 cloak
rCorr   .          Rampage  .    h - +2 pair of gloves
Will    +....                    (no boots) Stlth
                                 N - amulet of faith
HPRegen 0.42/turn                B - ring of protection from cold
MPRegen 0.20/turn                e - +5 ring of evasion

@: protected from fire, repel missiles, very slow
A: permanent stasis, dig shafts and tunnels, antennae 3, four strong arms
a: Dig, Shaft Self, Renounce Religion, Upheaval, Elemental Force, Disaster Area


You were on level 12 of the Dungeon.
You worshipped Qazlal.
Qazlal was exalted by your worship.
You visited 3 branches of the dungeon, and saw 19 of its levels.
You also visited: Ossuary and Ice Cave.

You collected 1901 gold pieces.

Inventory:

Hand Weapons
 t - a +8 quarterstaff of chaos (weapon)
Armour
 d - a +0 tower shield (worn)
 h - a +2 pair of gloves (worn)
 s - a +2 cloak (worn)
 K - a scarf of resistance
 P - a +4 chain mail (worn)
Jewellery
 a - a ring of poison resistance
 e - a +5 ring of evasion (right hand)
 B - a ring of protection from cold (left hand)
 N - an amulet of faith (around neck)
Wands
 r - a wand of digging (3)
 v - a wand of quicksilver (11)
 w - a wand of charming (13)
 y - a wand of iceblast (13)
 D - a wand of polymorph (9)
 H - a wand of flame (4)
Scrolls
 c - 2 scrolls of enchant armour
 k - a scroll of immolation
 q - 2 scrolls of fog
 u - 3 scrolls of poison
 x - 2 scrolls of silence
 J - a scroll of summoning
Potions
 f - 9 potions of haste {unknown}
 g - 2 potions of flight
 l - a potion of magic
 m - 2 potions of attraction
 n - a potion of resistance
 p - 15 potions of curing
 z - 2 potions of ambrosia
 A - a potion of brilliance
 C - 2 potions of heal wounds
 F - 2 potions of mutation {unknown}
 M - 2 potions of lignification {unknown}
Miscellaneous
 o - a phantom mirror
 G - a phial of floods


   Skills:
 * Level 13.8 Fighting
 - Level 14.0 Staves
 * Level 13.8 Armour
 + Level 3.2 Dodging
 * Level 15.5 Shields
 * Level 13.8 Invocations
 + Level 3.9 Evocations


You had 15 spell levels left.
You didn't know any spells.
Your spell library contained the following spells:

 Spells                   Type           Power      Damage    Failure   Level
 Cigotuvi's Dreadful Rot  Necr/Pois/Air  0%         N/A       99%         2
 Poisonous Vapours        Pois/Air       0%         N/A       99%         2
 Dazzling Flash           Conj/Hex       0%         N/A       100%        3
 Frozen Ramparts          Ice            0%         1d1       100%        3
 Hailstorm                Conj/Ice       0%         3d3       100%        3
 Mephitic Cloud           Conj/Pois/Air  0%         N/A       100%        3
 Vhi's Electric Charge    Tloc/Air       0%         N/A       100%        3
 Dispel Undead            Necr           0%         3d6       100%        4
 Ice Form                 Ice/Tmut       0%         N/A       100%        4
 Iskenderun's Mystic Bla  Conj/Tloc      0%         2d3       100%        4
 Passage of Golubria      Tloc           0%         N/A       100%        4
 Summon Ice Beast         Ice/Summ       0%         N/A       100%        4
 Arcjolt                  Conj/Air       0%         1d10      100%        5
 Silence                  Hex/Air        0%         N/A       100%        5
 Death Channel            Necr           0%         N/A       100%        6
 Simulacrum               Ice/Necr       0%         N/A       100%        6
 Starburst                Conj/Fire      0%         6d3       100%        6
 Lehudib's Crystal Spear  Conj/Erth      0%         10d2      100%        8
 Maxwell's Capacitive Co  Air            0%         ∞         100%        8


Dungeon Overview and Level Annotations

Branches:
Dungeon (12/15)            Temple (0/1) D:5            Lair (5/5) D:9
 Shoals (0/4) Lair:2       Spider (0/4) Lair:2        Slime (0/5) Lair:5
    Orc (2/2) D:11            Elf (0/3) Orc:2       Ossuary (visited)
  IceCv (visited)

Altars:
Cheibriados
Dithmenos
Gozag
Hepliaklqana
Nemelex Xobeh
Qazlal
Trog
Uskayaw
Vehumet
Wu Jian
Xom
Yredelemnul
Zin
Jiyva
Lugonu

Shops:
Orc:2 *:!

Portals:
Abyss: Lair:5

Annotations:
Lair:2 1 runed translucent door, rageheart7's ghost, journeyman DrMo


Innate Abilities, Weirdness & Mutations

You cannot be hasted, slowed, berserked, paralysed or teleported.
You can dig through walls and to a lower floor.
You have a pair of large antennae on your head. (SInv)
Your four strong arms can wield two-handed weapons with a shield.


Message History

You sock the centaur!
The centaur suddenly stops moving!
The centaur is severely wounded.
You feel sick.
The water nymph points at you and mumbles some strange words.
The water swirls and strikes you.
The merfolk aquamancer hits you with a +0 rapier of venom.
You are more poisoned.
The helpless centaur fails to defend itself.
You bludgeon the centaur!! You burn the centaur.
You kill the centaur!
Qazlal accepts your kill.
You hear a splash.
You feel sick.
You block the white ugly thing's attack.
You block the water nymph's attack.
Your unstable footing causes you to fumble your attack.
You feel very sick.
The merfolk aquamancer hits you but does no damage.
You are more poisoned.
You block the white ugly thing's attack.
You block the water nymph's attack.
You bludgeon the water nymph!!
The water nymph is heavily wounded.
You feel very sick.
The merfolk aquamancer is struck by lightning.
You block the merfolk aquamancer's attack.
The white ugly thing trunk-slaps you but does no damage.
You hit the water nymph.
The water nymph is severely wounded.
You feel very sick. The water nymph casts a spell at you.
The water swirls and strikes you.
The merfolk aquamancer casts a spell at you.
The shard of ice hits you!! You partially resist.
* * * LOW HITPOINT WARNING * * *
You feel better.
The white ugly thing trunk-slaps you but does no damage.
The water nymph gestures at you while chanting.
The water swirls and strikes you!!
You die...

#T# #.# #.#
#.# ###.###
.....
#####.#####
#.u††<..).#
#@#######.#
#..~m)m......
#
#####~#§.....
#.#.####. #.#
# { #.# { ...
#..


You could see a white ugly thing, a merfolk aquamancer and a water nymph.

Vanquished Creatures
  A minotaur (Lair:3)
  Snorg (D:11)
  Fannar (D:11)
  6 hydras
  Erolcha (D:10)
  2 catoblepae
  Erica (D:8)
  An ogre mage (Orc:1)
  6 two-headed ogres
  A merfolk aquamancer (D:12)
  2 boulder beetles
  7 death yaks (Lair:3)
  2 orc high priests (Orc:2)
  3 thrashing horrors (Lair:5)
  A large abomination (Lair:5)
  Amaemon (D:10)
  A bog body (IceCv)
  A lindwurm (Lair:4)
  4 ugly things
  An orc knight (Orc:2)
  A necromancer (IceCv)
  10 orc sorcerers
  A cyclops (D:11)
  3 manticores
  11 black mambas
  6 elephants
  2 ice statues (IceCv)
  A smoke demon (Lair:5)
  13 cane toads
  2 gargoyles (D:11)
  An orange demon (D:10)
  2 freezing wraiths (IceCv)
  8 rime drakes
  10 komodo dragons
  3 ice devils (IceCv)
  2 kobold demonologists (D:9)
  2 anaconda simulacra (IceCv)
  3 ancient zymes (Lair:5)
  5 trolls
  A queen bee (Lair:4)
  2 hornets (D:10)
  4 polar bears
  26 blink frogs
  7 dream sheep
  A ynoxinul (Lair:5)
  A culicivora (shapeshifter) (Lair:5)
  3 dire elephant simulacra (IceCv)
  A vampire (D:9)
  9 wyverns
  A shadow (D:11)
  A wraith (D:12)
  48 yaks
  4 basilisks
  A death yak simulacrum (IceCv)
  A steam dragon (Lair:3)
  3 chaos spawn (Lair:5)
  Menkaure (Ossuary)
  2 harpy simulacra (IceCv)
  6 wargs
  11 small abominations (Lair:5)
  2 acid dragons (D:11)
  Duvessa (D:5)
  3 hydra simulacra (IceCv)
  19 water moccasins
  2 ice beasts (D:6)
  17 orc warriors
  4 black bears
  2 sky beasts (D:8)
  8 ogres
  18 wolves
  A phantom (D:6)
  5 centaurs
  3 kobold brigands
  4 necrophages
  10 bullfrogs
  A gnoll sergeant (Orc:1)
  7 scorpions
  Dowan (D:5)
  11 killer bees
  5 howler monkeys
  8 crimson imps (D:7)
  2 centaur zombies (Ossuary)
  2 jellies
  16 orc priests
  Crazy Yiuf (D:2)
  6 hounds
  2 hell rats (Lair:4)
  2 iguanas (D:6)
  41 orc wizards
  Ijyb (D:3)
  A spriggan simulacrum (IceCv)
  A killer bee zombie (D:5)
  3 ogre zombies (Ossuary)
  6 mummies (Ossuary)
  6 gnolls
  2 naga simulacra (IceCv)
  8 river rats (Lair:4)
  6 adders
  6 shadow imps
  4 white imps
  3 adder zombies (Ossuary)
  3 worms
  A dart slug (D:5)
  76 orcs
  5 ball pythons
  A bat (D:1)
  6 endoplasms
  5 giant cockroaches
  A gnoll zombie (Ossuary)
  7 goblins
  14 hobgoblins
  4 jackals
  3 quokkas
  4 frilled lizards
  2 goblin zombies (Ossuary)
  5 hobgoblin zombies (Ossuary)
  12 kobolds
  8 kobold zombies (Ossuary)
  An orc zombie (Ossuary)
  A quokka zombie (Ossuary)
  5 rats
  3 rat zombies (Ossuary)
  A spectral hobgoblin (D:6)
  A butterfly (Lair:4)
684 creatures vanquished.

Vanquished Creatures (collateral kills)
  Rupert (Lair:4)
  A two-headed ogre (D:8)
2 creatures vanquished.

Vanquished Creatures (others)
  An endoplasm zombie (D:3)
  23 fungi
  35 plants
59 creatures vanquished.

Grand Total: 745 creatures vanquished

Notes
Turn   | Place    | Note
-------+----------+-------------------------------------------
     0 | D:1      | mandarbmax the Formicid Fighter began the quest for the
                  | Orb.
     0 | D:1      | Reached XP level 1. HP: 18/18 MP: 1/1
   116 | D:1      | Reached XP level 2. HP: 22/24 MP: 2/2
   896 | D:1      | Reached XP level 3. HP: 29/29 MP: 3/3
  1102 | D:2      | Found a stormy altar of Qazlal.
  1126 | D:2      | Became a worshipper of Qazlal Stormbringer
  1274 | D:2      | Reached XP level 4. HP: 35/35 MP: 4/4
  1467 | D:2      | Found a runed translucent door.
  1468 | D:2      | Noticed Crazy Yiuf
  1475 | D:2      | Killed Crazy Yiuf
  1531 | D:2      | Reached XP level 5. HP: 41/41 MP: 5/5
  1931 | D:3      | Reached skill level 5 in Staves
  2159 | D:3      | Noticed Ijyb
  2173 | D:3      | Killed Ijyb
  2276 | D:3      | You fall into a shaft and drop 1 floor!
  2293 | D:4      | Reached * piety under Qazlal
  2311 | D:4      | Reached XP level 6. HP: 43/45 MP: 6/6
  2934 | D:4      | Found an opulent altar of Gozag.
  3134 | D:5      | Entered Level 5 of the Dungeon
  3179 | D:5      | Reached XP level 7. HP: 45/52 MP: 7/7
  3211 | D:5      | Found a basalt altar of Yredelemnul.
  3309 | D:5      | Noticed Duvessa
  3309 | D:5      | Noticed Dowan
  3314 | D:5      | Killed Duvessa
  3318 | D:5      | Killed Dowan
  3320 | D:5      | Reached XP level 8. HP: 38/58 MP: 5/8
  3556 | D:5      | Found a staircase to the Ecumenical Temple.
  3657 | D:5      | Found a sand-covered staircase.
  3666 | Ossuary  | Entered an ossuary
  3746 | Ossuary  | Reached ** piety under Qazlal
  3854 | Ossuary  | Noticed Menkaure
  3859 | Ossuary  | Killed Menkaure
  4487 | D:5      | Found a glowing silver altar of Zin.
  4589 | D:6      | Reached skill level 5 in Fighting
  4589 | D:6      | Reached skill level 5 in Armour
  4593 | D:6      | Reached XP level 9. HP: 53/68 MP: 6/9
  4762 | D:6      | Reached skill level 1 in Invocations
  4956 | D:6      | Found a hazy altar of Hepliaklqana.
  4960 | D:6      | Reached *** piety under Qazlal
  5118 | D:7      | Found a snail-covered altar of Cheibriados.
  5325 | D:7      | Reached skill level 5 in Shields
  5421 | D:7      | Identified the +0 robe "Yrenely" {rF+ Str+3 Dex-3}
  5451 | D:7      | Reached skill level 10 in Staves
  5492 | D:7      | Reached XP level 10. HP: 77/77 MP: 12/12
  5823 | D:8      | Reached skill level 6 in Shields
  5845 | D:8      | Reached **** piety under Qazlal
  5947 | D:8      | Reached skill level 7 in Shields
  5947 | D:8      | Reached skill level 5 in Invocations
  6039 | D:8      | Noticed Erica
  6050 | D:8      | Killed Erica
  6138 | D:8      | Noticed a two-headed ogre
  6144 | D:8      | Killed a two-headed ogre
  6145 | D:8      | Reached XP level 11. HP: 86/86 MP: 9/15
  6243 | D:8      | Found a shimmering altar of Xom.
  6425 | D:9      | Noticed a two-headed ogre
  6431 | D:9      | Reached skill level 8 in Shields
  6442 | D:9      | Killed a two-headed ogre
  6446 | D:9      | Found a hide-covered altar of Uskayaw.
  6517 | D:9      | Found a shadowy altar of Dithmenos.
  6533 | D:9      | Found a staircase to the Lair.
  6603 | D:9      | Found a radiant altar of Vehumet.
  7005 | D:9      | Found an ornate altar of the Wu Jian Council.
  7116 | D:10     | Entered Level 10 of the Dungeon
  7228 | D:10     | Noticed Erolcha
  7232 | D:10     | Noticed Amaemon
  7235 | D:10     | Killed Erolcha
  7236 | D:10     | Reached skill level 9 in Shields
  7248 | D:10     | Killed Amaemon
  7248 | D:10     | Reached ***** piety under Qazlal
  7498 | D:10     | Found a sparkling altar of Nemelex Xobeh.
  7589 | D:10     | Reached XP level 12. HP: 92/95 MP: 17/17
  7770 | D:11     | Noticed a two-headed ogre
  7775 | D:11     | Banished a two-headed ogre
  7817 | D:11     | Reached skill level 10 in Shields
  7853 | D:11     | Found a frozen archway.
  7860 | IceCv    | Entered an ice cave
  8465 | IceCv    | Reached skill level 10 in Armour
  8607 | IceCv    | Reached skill level 10 in Fighting
  8897 | D:11     | Reached skill level 11 in Shields
  8941 | D:11     | Noticed Fannar
  8963 | D:11     | Killed Fannar
  8964 | D:11     | Reached XP level 13. HP: 69/104 MP: 14/20
  9077 | D:11     | Found a staircase to the Orcish Mines.
  9148 | D:11     | Noticed Snorg
  9169 | D:11     | Killed Snorg
  9649 | Lair:1   | Entered Level 1 of the Lair of Beasts
  9900 | Lair:1   | Found an ornate altar of the Wu Jian Council.
 10391 | Lair:1   | Reached skill level 10 in Invocations
 11108 | Lair:2   | Reached skill level 12 in Shields
 11126 | Lair:2   | Found a hole to the Spider Nest.
 11187 | Lair:2   | Found a staircase to the Shoals.
 11597 | Lair:2   | Found a runed translucent door.
 11599 | Lair:2   | Noticed rageheart7's ghost (journeyman DrMo)
 11600 | Lair:2   | Identified the +10 spear of Uskayaw's Supremacy {freeze,
                  | rPois}
 12133 | Lair:3   | Reached XP level 14. HP: 81/113 MP: 19/22
 12581 | Lair:3   | Reached ****** piety under Qazlal
 12599 | Lair:3   | a boulder beetle changed into a minotaur
 12599 | Lair:3   | Noticed a minotaur
 12608 | Lair:3   | Killed a minotaur
 12917 | Lair:3   | Reached skill level 13 in Shields
 14222 | Lair:4   | Noticed Rupert
 14227 | Lair:4   | Killed Rupert
 14228 | Lair:4   | Reached XP level 15. HP: 122/122 MP: 18/24
 14439 | Lair:4   | Reached skill level 14 in Shields
 14810 | Lair:5   | Entered Level 5 of the Lair of Beasts
 14860 | Lair:5   | Reached skill level 1 in Evocations
 14973 | Lair:4   | Reached skill level 1 in Dodging
 15492 | Lair:5   | Found a viscous altar of Jiyva.
 15493 | Lair:5   | Found a staircase to the Slime Pits.
 16077 | Lair:5   | Found a corrupted altar of Lugonu.
 16077 | Lair:5   | Found a one-way gate to the infinite horrors of the Abyss.
 16186 | Lair:5   | Reached skill level 15 in Shields
 16620 | Orc:1    | Entered Level 1 of the Orcish Mines
 16966 | Orc:1    | Found a bloodstained altar of Trog.
 17055 | Orc:2    | Entered Level 2 of the Orcish Mines
 17091 | Orc:1    | You fall into a shaft and drop 1 floor!
 17139 | Orc:2    | Reached XP level 16. HP: 110/118 MP: 26/26
 17266 | Orc:2    | Found Ughacs's Distillery.
 17266 | Orc:2    | Found Bangutom's Book Shoppe.
 17285 | Orc:2    | Found a staircase to the Elven Halls.
 17954 | Orc:2    | Found Qoxant's General Store.
 17954 | Orc:2    | Found Opsac's Antique Armour Boutique.
 18550 | D:12     | Killed from afar by a water nymph

Illustrated notes

Levels and vault maps discovered:
D:1:      giann_forest_graveyard, layout_basic
D:2:      layout_loops_ring, basic_altar, kennysheep_generic_room_15,
          uniq_crazy_yiuf_cottage
D:3:      layout_loops_corners, uniq_ijyb
D:4:      layout_rooms, mainiacjoe_overflow_six_doors_small
D:5:      layout_loops_corners, mainiacjoe_overflow_24_doors, zin_treasury,
          minmay_temple_entry_poolview, nicolae_ossuary_entry_monument,
          uniq_duvessa
D:6:      layout_rooms, nicolae_hepliaklqana_monster_ancestors
D:7:      layout_basic, mainiacjoe_overflow_alcove_2, minmay_nine_imps
D:8:      layout_rooms, tgw_xom, st_stairs_5, uniq_erica
D:9:      layout_roguey, pdpol_wu_jian_five_deadly_venoms, lemuel_round_altar,
          nicolae_vehumet_altar_sigil, nicolae_uskayaw_dance_hall
D:10:     layout_small_grid, mainiacjoe_overflow_alcove_1,
          corexii_leaking_fountain, uniq_amaemon, uniq_erolcha
D:11:     layout_basic, david_orc_2, portal_ice_cave_rime, uniq_snorg,
          uniq_fannar
D:12:     layout_basic, nicolae_splish_splash
Lair:1:   layout_cave_shapes, basic_altar, grunt_megastairs_2,
          serial_bayou_shore_b, infiniplex_staircase_pool_2
Lair:2:   layout_layer_cave, elwin_shoals_entry_rocks,
          nicolae_spider_entry_non_spiders, ebering_ghost_funeral_grove
Lair:3:   nzn_winding_woodlands_large [nzn_winding_woodlands_5x5_default,
          nzn_winding_woodlands_5x15_crooked,
          nzn_winding_woodlands_5x5_checkerboard,
          nzn_winding_woodlands_center_pierced_h,
          nzn_winding_woodlands_15x15_killbox,
          nzn_winding_woodlands_center_garden, nzn_winding_woodlands_hourglass,
          nzn_winding_woodlands_5x15_eye, nzn_winding_woodlands_5x5_open_star],
          layout_gridlike, beast_lair_carwin_10, serial_bayou_shore_b
Lair:4:   layout_regular_city, kennysheep_rathole, lemuel_fruit_fields,
          lemuel_fruit_tree, uniq_rupert
Lair:5:   hellmonk_lair_end_abyssal_woods, layout_regular_city, slime_entry_1
Orc:1:    layout_diamond_mine, basic_altar
Orc:2:    st_orc_town, layout_diamond_mine

Skill      XL: |  1  2  3  4  5  6  7  8  9 10 11 12 13 14 15 16 |
---------------+-------------------------------------------------+-----
Staves         | 3 4 5 7 8 9 10 11 12 13 14 | 14.0
Armour         | 5 6 7 9 10 11 12 13 | 13.8
Fighting       | 5 6 7 9 10 11 12 13 | 13.8
Invocations    | 3 5 7 9 10 12 13 | 13.8
Shields        | 5 7 9 11 12 13 15 | 15.5
Evocations     | 3 |  3.9
Dodging        | 2 3 |  3.2

Action                     |  1- 3 |  4- 6 |  7- 9 | 10-12 | 13-15 | 16-18 || total
---------------------------+-------+-------+-------+-------+-------+-------++-------
  Melee: Quarterstaff      |   106 |    97 |   241 |   422 |   990 |   290 ||  2146
 Invoke: Elemental Force   |       |       |       |     1 |     1 |       ||     2
         Disaster Area     |       |       |       |       |     1 |       ||     1
Ability: Dig               |       |     2 |     3 |     2 |     8 |       ||    15
  Evoke: Phantom mirror    |       |       |       |       |     1 |       ||     1
    Use: Scroll            |       |    11 |     5 |     7 |     6 |       ||    29
         Potion            |       |       |     1 |     4 |     1 |     1 ||     7
   Stab: Paralysed         |       |       |     4 |     1 |     4 |     1 ||    10
         Confused          |       |       |     2 |     2 |     4 |     1 ||     9
         Petrified         |       |       |       |       |     2 |       ||     2
         Petrifying        |       |       |       |       |     1 |       ||     1
         Distracted        |       |       |       |       |       |     1 ||     1
 Armour: Scale mail        |    39 |    28 |    39 |     1 |       |       ||   107
         Chain mail        |       |       |       |   103 |   207 |    43 ||   353
  Dodge: Dodged            |    59 |    45 |    97 |   129 |   219 |    28 ||   577
         Repelled          |       |       |       |     1 |     1 |     1 ||     3
  Block: Buckler           |    33 |    21 |    63 |   183 |   143 |       ||   443
         Tower shield      |       |       |       |       |   655 |   184 ||   839

Table legend: (Time is in decaauts)
 A = Elapsed time spent in this place.
 B = Non-inter-level travel time spent in this place.
 C = Inter-level travel time spent in this place.
 D = Time resting spent in this place.
 E = Time spent auto-exploring this place.
 F = Levels seen in this place.
 G = Mean time per level.
                   A        B        C        D        E       F      G
               +--------+--------+--------+--------+--------+-----+--------+
         Total |  18124 |  17178 |    946 |   1121 |  12156 |  21 |  863.0 |
       Dungeon |   8488 |   8002 |    486 |    231 |   6045 |  12 |  707.3 |
          Lair |   6671 |   6327 |    344 |    430 |   4719 |   5 | 1334.2 |
  Orcish Mines |   1619 |   1504 |    115 |    128 |    922 |   2 |  809.5 |
       Ossuary |    361 |    361 |      0 |      0 |     98 |   1 |  361.0 |
      Ice Cave |    984 |    984 |      0 |    332 |    372 |   1 |  984.0 |
               +--------+--------+--------+--------+--------+-----+--------+

Top non-repeatable levels by time:
  Lair:3: 1623 daAuts
  Lair:2: 1536 daAuts
  Lair:5: 1412 daAuts
     D:1: 1110 daAuts
  Lair:4: 1108 daAuts
    D:11: 1062 daAuts
     D:5: 1049 daAuts
  Lair:1: 989 daAuts
   Orc:2: 987 daAuts
   IceCv: 984 daAuts
     D:3: 876 daAuts
     D:2: 769 daAuts
     D:7: 754 daAuts
     D:9: 724 daAuts
   Orc:1: 631 daAuts
